Match 46216423
Unlisted

Match 46216423
End
Kradschützen Motorcycle Team
Selects Battlefield Espionage Battlegroup
Selects Sector Subterfuge Beacon
Panzergrenadier Squad
Panzergrenadier Squad
250 Light Carrier
Construct Light Support Kompanie
Fire Support Elements
Panzerjäger Squad
Assault Mechanized Group
Flakvierling Half-track
2.5-tonne Medical Truck
Selects Transfer Depots
Selects 250/3 Funkpanzerwagen
2.5-tonne Medical Truck
Vehicle Survival Package
Assault Mechanized Group
Veteran Squad Leaders
Selects Anti-Tank Incendiary Munitions
Selects Disruption Operation
MG34 Team
Construct Panzerarmee Kommand
250 Light Carrier
Panzer III L Medium Tank
Selects Operation Skorpion
Pak 38 Anti-tank Gun Team
Panzer III L Medium Tank
Assault Mechanized Group
oziligath
Dezman
0
0

Comments sign in to comment!

No comments posted yet!